 Dungeon Crawl Stone Soup version 0.21-a0-529-g8c7b3f5 (webtiles) character file.

6311 slep the Cleaver (level 10, -2/47 HPs)
             Began as a Vine Stalker Gladiator on Dec 11, 2017.
             Was a Priest of Okawaru.
             Slain by a centaur warrior (8 damage)
             ... on level 8 of the Dungeon.
             The game lasted 00:38:26 (6288 turns).

slep the Cleaver (Vine Stalker Gladiator)           Turns: 6288, Time: 00:38:27

Health: -2/47      AC:  8    Str: 23    XL:     10   Next: 95%
Magic:  0/12       EV: 18    Int: 12    God:    Okawaru [***...]
Gold:   235        SH:  3    Dex: 17    Spells: 9/9 levels left

rFire    x . .     SeeInvis .   a - +0 war axe
rCold    + . .     Gourm    .   (no shield)
rNeg     . . .     Faith    .   m - +2 robe {MR+}
rPois    .         Spirit   +   c - +0 helmet
rElec    .         Reflect  +   (no cloak)
rCorr    .         Harm     .   F - +1 pair of gloves
MR       ++...                  n - +0 pair of boots
Stlth    +++.......             l - +3 amulet of reflection
HPRegen  0.55/turn              r - ring "Homiugal" {Ice *Drain Str+4 Int+4}
MPRegen  0.13/turn              (no ring)

@: berserk cooldown, hasted and slowed
A: fangs 3, repulsion field 1, frail 1, regeneration 1, magic shield, antimagic
bite, no potion heal 3, rot immunity
a: Heroism, Renounce Religion


You were on level 8 of the Dungeon.
You worshipped Okawaru.
Okawaru was most pleased with you.
You were not hungry.

You visited 2 branches of the dungeon, and saw 9 of its levels.

You collected 401 gold pieces.
You spent 166 gold pieces at shops.

Inventory:

Hand Weapons
 a - a +0 war axe (weapon)
Missiles
 d - 2 throwing nets (quivered)
Armour
 b - a +0 leather armour
 c - a +0 helmet (worn)
 m - a +2 robe of magic resistance (worn)
 n - a +0 pair of boots (worn)
 F - a +1 pair of gloves (worn)
 M - a +0 pair of gloves
Jewellery
 l - a +3 amulet of reflection (around neck)
 r - the ring "Homiugal" (left hand) {Ice *Drain Str+4 Int+4}
   (You took it off a crimson imp on level 5 of the Dungeon)

   [ring of ice]

   It enhances your ice magic.
   It affects your strength (+4).
   It affects your intelligence (+4).
   It makes you vulnerable to fire.
   It protects you from cold.
   It causes draining when unequipped.
 H - an uncursed ring of ice
Wands
 e - a wand of flame (42)
 y - a wand of polymorph (13)
Scrolls
 g - 2 scrolls of fear {unknown}
 h - a scroll of blinking {unknown}
 i - 2 scrolls of amnesia {unknown}
 j - 8 scrolls of remove curse {unknown}
 k - 8 scrolls of identify
 p - a scroll of noise {unknown}
 t - a scroll of acquirement {unknown}
 u - 3 scrolls of enchant weapon {unknown}
 v - 2 scrolls of random uselessness {unknown}
 w - a scroll of magic mapping {unknown}
 x - 2 scrolls of vulnerability {unknown}
 A - a scroll of fog {unknown}
 D - 3 scrolls of teleportation {unknown}
 K - a scroll of immolation {unknown}
Potions
 q - 2 potions of mutation
 B - 2 potions of flight
 E - a potion of ambrosia
 G - a potion of cancellation
Comestibles
 f - 6 bread rations
 o - 5 fruits
 z - 2 royal jellies
 I - 3 chunks of flesh
 J - 3 meat rations


   Skills:
 + Level 5.7 Fighting
 + Level 11.0 Axes
 + Level 2.6 Throwing
 + Level 2.8 Armour
 + Level 6.4 Dodging
 + Level 5.1 Stealth
 + Level 1.5 Evocations


You had 9 spell levels left.
You didn't know any spells.

Dungeon Overview and Level Annotations

Branches:
Dungeon (8/15)             Temple (1/1) D:7            Lair (0/6) D:8

Altars:
Ashenzari
Cheibriados
Dithmenos
Elyvilon
Fedhas
Gozag
Hepliaklqana
Kikubaaqudgha
Makhleb
Nemelex Xobeh
Okawaru
Qazlal
Ru
Sif Muna
Trog
Uskayaw
Vehumet
Wu Jian
Xom
Yredelemnul
Zin
The Shining One

Shops:
D:4 %   D:5 !   D:7 **:

Annotations:
D:8 1 transporter


Innate Abilities, Weirdness & Mutations

You have razor-sharp teeth.
Your natural rate of healing is unusually fast.
When hurt, damage is shared between your health and your magic reserves.
Your bite disrupts and absorbs the magic of your enemies.
Potions cannot restore your health.
You are immune to rotting.
You are surrounded by a mild repulsion field. (EV +2)
You are frail. (-10% HP)


Message History

You see here an arrow.
You are no longer berserk.
You are exhausted.
You feel yourself slow down.
The centaur warrior unwields an uncursed shortbow.
The centaur warrior hits you.
Things that are here:
a longbow; 22 arrows; a centaur corpse You completely miss the centaur warrior.
Your bite misses the centaur warrior. The centaur warrior hits you.
* * * LOW HITPOINT WARNING * * *
The centaur warrior hits you!
* * * LOW HITPOINT WARNING * * *
You block the centaur warrior's attack. The centaur warrior hits you.
* * * LOW HITPOINT WARNING * * *
The centaur warrior barely misses you.
You see here an arrow.
The centaur warrior hits you!
You die...

####+ ##+### ###
#.. ## #©. #.
#.# #. #..######
#.
#...#.#.#.#...
#. #.#.)(......#
#.
##.Yc#.#.#.#...
#. #..@#######
#. #.#.#)#.#.#
.#. #.
#.....#...#.....
#. ##..#...©...#
##.
##...#####...#
##.. ########
####..#
##©#######..##
#..........##
##...#######


You could see a centaur warrior and a yak.

Vanquished Creatures
  A centaur warrior (D:8)
  A two-headed ogre (D:8)
  Pikel (D:7)
  The ghost of Maxmaps the Chiller, a novice DsWn of Okawaru (D:6)
  Grinder (D:3)
  Sigmund (D:3)
  A hippogriff (D:8)
  Eustachio (D:6)
  A hungry ghost (D:8)
  Duvessa (D:6)
  2 ice beasts (D:8)
  2 sky beasts
  4 slaves (D:8)
  4 orc warriors
  2 hornet zombies (D:8)
  A phantom (D:4)
  5 ogres
  The ghost of slep the Chopper, an amateur DsGl of Okawaru (D:4)
  2 centaurs (D:6)
  A bullfrog (D:8)
  A scorpion (D:8)
  Dowan (D:6)
  6 killer bees (D:8)
  2 howler monkeys
  A centaur zombie (D:8)
  3 crimson imps
  A quasit (D:8)
  A bullfrog zombie (D:5)
  2 hounds
  2 jellies
  An orc priest (D:8)
  11 orc wizards
  2 bullfrog skeletons
  A centaur skeleton (D:6)
  An iguana (Temple)
  4 worker ants
  Natasha (thrice) (D:2 D:3)
  A killer bee zombie (D:2)
  2 hound zombies
  A worker ant zombie (D:6)
  11 adders
  An ooze (D:5)
  2 worms (D:3)
  4 leopard geckos
  31 orcs
  4 bats
  6 giant cockroaches
  9 goblins
  6 hobgoblins
  9 jackals
  8 quokkas
  5 frilled lizards
  2 jackal skeletons
  9 kobolds
  5 leopard gecko zombies
  4 rats
  A plant (D:1)
198 creatures vanquished.

Notes
Turn   | Place    | Note
-------+----------+-------------------------------------------
     0 | D:1      | slep the Vine Stalker Gladiator began the quest for the Orb.
     0 | D:1      | Reached XP level 1. HP: 11/11 MP: 2/2
   270 | D:1      | Reached XP level 2. HP: 15/15 MP: 3/3
   274 | D:1      | Reached skill level 3 in Axes
  1034 | D:2      | Reached XP level 3. HP: 18/18 MP: 4/4
  1458 | D:2      | Gained mutation: Your natural rate of healing is unusually fast. [Vine Stalker growth]
  1458 | D:2      | Reached XP level 4. HP: 4/23 MP: 3/5
  1662 | D:3      | Reached skill level 1 in Armour
  1728 | D:3      | Noticed an ogre
  1776 | D:4      | Found Gomnamp's Food Boutique.
  1829 | D:4      | Noticed an ogre
  1840 | D:4      | Noticed a phantom
  1851 | D:4      | Found a radiant altar of Vehumet.
  1857 | D:4      | Gained mutation: You are frail. (-10% HP) [potion of mutation]
  1857 | D:4      | Gained mutation: You are surrounded by a mild repulsion field. (EV +2) [potion of mutation]
  1865 | D:4      | Reached skill level 4 in Axes
  1865 | D:4      | Reached XP level 5. HP: 6/23 MP: 6/6
  1868 | D:4      | Killed an ogre
  1868 | D:4      | Reached XP level 6. HP: 5/27 MP: 7/7
  1881 | D:4      | Killed a phantom
  1881 | D:4      | Reached skill level 1 in Stealth
  1996 | D:4      | Noticed slep's ghost (amateur DsGl)
  2022 | D:3      | Reached XP level 7. HP: 31/31 MP: 8/8
  2135 | D:3      | Noticed Sigmund
  2136 | D:3      | Noticed Natasha
  2160 | D:2      | Killed Natasha
  2160 | D:2      | Reached skill level 5 in Axes
  2201 | D:3      | Killed Sigmund
  2236 | D:3      | Noticed Grinder
  2245 | D:3      | Found a bloodstained altar of Trog.
  2353 | D:5      | Entered Level 5 of the Dungeon
  2573 | D:5      | Found Ynadela's Distillery.
  2666 | D:5      | Got a translucent silver ring
  2667 | D:5      | Identified the ring "Homiugal" {Ice *Drain Str+4 Int+4} (You took it off a crimson imp on level 5 of the Dungeon)
  2862 | D:5      | Reached skill level 6 in Axes
  2862 | D:5      | Gained mutation: You have razor-sharp teeth. [Vine Stalker growth]
  2862 | D:5      | Reached XP level 8. HP: 26/35 MP: 6/9
  2872 | D:5      | Found a sparkling altar of Nemelex Xobeh.
  3064 | D:6      | Noticed Maxmaps's ghost (novice DsWn)
  3126 | D:3      | Killed Grinder
  3326 | D:2      | Noticed Natasha
  3337 | D:3      | Killed Natasha
  3426 | D:3      | Noticed Natasha
  3437 | D:3      | Killed Natasha
  3437 | D:3      | Reached skill level 7 in Axes
  3603 | D:4      | Killed slep's ghost
  3717 | D:6      | Noticed Dowan
  3742 | D:6      | Killed Dowan
  3892 | D:6      | Reached XP level 9. HP: 38/39 MP: 7/10
  3966 | D:6      | Noticed Eustachio
  3982 | D:6      | Killed Eustachio
  4091 | D:6      | Noticed Duvessa
  4110 | D:6      | Killed Duvessa
  4110 | D:6      | Reached skill level 8 in Axes
  4132 | D:6      | Killed Maxmaps's ghost
  4132 | D:6      | Reached skill level 5 in Dodging
  4167 | D:7      | Found a staircase to the Ecumenical Temple.
  4177 | Temple   | Entered the Ecumenical Temple
  4182 | Temple   | Became a worshipper of Warmaster Okawaru
  4481 | D:7      | HP: 1/41 [orc warrior/glaive (8)]
  4686 | D:7      | Found Sinuduh's Book Emporium.
  4750 | D:7      | Found Qiofiuco's Assorted Antiques.
  4753 | D:7      | Bought a scroll labeled UFED ZOUPRYOR for 28 gold pieces
  4753 | D:7      | Bought 2 scrolls labeled NIMUDIC YPOLEE for 56 gold pieces
  4753 | D:7      | Bought a scroll labeled RIRRIPHYWA for 28 gold pieces
  4758 | D:7      | Found Eliwk's Assorted Antiques.
  4767 | D:7      | Reached skill level 9 in Axes
  4780 | D:7      | Bought a scroll labeled UFED ZOUPRYOR for 27 gold pieces
  4780 | D:7      | Bought a scroll labeled CUAGHOKHIC for 27 gold pieces
  5229 | D:8      | Noticed Pikel
  5433 | D:8      | Reached * piety under Okawaru
  5511 | D:8      | Found a staircase to the Lair.
  5532 | D:8      | Reached XP level 10. HP: 45/45 MP: 11/11
  5668 | D:8      | Reached skill level 5 in Fighting
  5810 | D:7      | Killed Pikel
  5810 | D:7      | Reached skill level 10 in Axes
  5895 | D:8      | Reached skill level 1 in Evocations
  5928 | D:8      | Noticed a two-headed ogre
  5943 | D:8      | Killed a two-headed ogre
  5943 | D:8      | Reached ** piety under Okawaru
  6090 | D:8      | Found a transporter.
  6256 | D:8      | Found a transporter.
  6269 | D:8      | Noticed a centaur warrior
  6276 | D:8      | Killed a centaur warrior
  6276 | D:8      | Reached *** piety under Okawaru
  6276 | D:8      | Reached skill level 11 in Axes
  6276 | D:8      | Reached skill level 5 in Stealth
  6281 | D:8      | Noticed a centaur warrior
  6288 | D:8      | Slain by a centaur warrior

Vault maps used:
D:1:      onia_arrival_mini_maze_b
D:3:      nicolae_overflow_crystal_walls, uniq_grinder, uniq_natasha,
          uniq_sigmund
D:4:      first_bread, serial_shops, shop, vehumet_altar_wand_db
D:5:      serial_shops, shop, nemelex_dance_club_becter
D:6:      serial_curves, eino_curves_04, eino_curves_02, uniq_duvessa,
          uniq_eustachio
D:7:      minmay_temple_entry_glass, serial_shops, shop, kennysheep_mini_moat,
          shop_fountains, grunt_ogre_cave, eino_curves_02
D:8:      gammafunk_the_bubble, dpeg_oklobed_lair, uniq_pikel
Temple:   grunt_wide_crystal_templ

Skill      XL: |  1  2  3  4  5  6  7  8  9 10 |
---------------+-------------------------------+-----
Axes           | 3 4 6 7 9 11 | 11.0
Dodging        | 3 4 5 6 |  6.4
Fighting       | 2 3 4 5 |  5.7
Armour         | 1 2 |  2.8
Throwing       | 2 |  2.6
Stealth        | 1 3 4 5 |  5.1
Evocations     | 1 |  1.5

Action                   |  1- 3 |  4- 6 |  7- 9 | 10-12 || total
-------------------------+-------+-------+-------+-------++-------
Melee: War axe           |    98 |    64 |   322 |   156 ||   640
       Bite              |    38 |    18 |   115 |    61 ||   232
Throw: Throwing net      |       |     2 |       |     1 ||     3
Evoke: Wand              |       |     1 |     1 |     8 ||    10
  Use: Potion            |       |     7 |     2 |     3 ||    12
       Scroll            |       |       |       |     3 ||     3
 Stab: Sleeping          |     1 |       |     6 |     1 ||     8
       Held in net/web   |       |     1 |       |     2 ||     3
  Eat: Chunk             |     2 |     1 |    12 |     4 ||    19
Armor: Leather armour    |    28 |    14 |     6 |       ||    48
       Robe              |       |       |    50 |    22 ||    72
Dodge: Dodged            |    64 |    61 |   240 |   110 ||   475
Block: Other             |       |       |    47 |    11 ||    58
       Reflection        |       |       |     2 |       ||     2

Table legend:
 A = Spawn XP
 B = Non-spawn XP
 C = Spawn XP percentage of total XP
 D = Spawn monster count
 E = Non-spawn monster count
 F = Spawn count percentage of total count
 G = Total turns spent on level
                    A         B        C        D         E        F      G
               +---------+---------+-------+---------+---------+-------+---------
         Total |       0 |    9016 |   0.0 |       0 |     193 |   0.0 |  6288
               +---------+---------+-------+---------+---------+-------+---------
           D:1 |       0 |      17 |   0.0 |       0 |      10 |   0.0 |   934
           D:2 |       0 |     112 |   0.0 |       0 |      23 |   0.0 |   768
           D:3 |       0 |     782 |   0.0 |       0 |      28 |   0.0 |   658
           D:4 |       0 |     576 |   0.0 |       0 |      21 |   0.0 |   594
           D:5 |       0 |     443 |   0.0 |       0 |      12 |   0.0 |   716
           D:6 |       0 |    1390 |   0.0 |       0 |      26 |   0.0 |   488
           D:7 |       0 |    1265 |   0.0 |       0 |      14 |   0.0 |  1142
           D:8 |       0 |    4199 |   0.0 |       0 |      48 |   0.0 |   821
        Temple |       0 |     232 |   0.0 |       0 |      11 |   0.0 |   167
               +---------+---------+-------+---------+---------+-------+---------
